TOP OF THE 1ST |
Jasper Cougars batting - Pitching for Surrey Sinners : RHP Diego González
|
Pitching: RHP Diego González
|
|
Batting: RHB Manuel Pérez
|
0-0: Foul Ball, location: 2F 0-1: Ball 1-1: Called Strike 1-2: Ball 2-2: Fly out, F8 (Flyball, 8LS)
|
Batting: LHB Pepe Vázquez
|
0-0: Ball 1-0: SINGLE (Flyball, 5D)
|
Batting: LHB Enrique Valentín
|
0-0: Ball 1-0: Called Strike 1-1: Ball 2-1: Ball 3-1: Base on Balls Pepe Vázquez to second
|
Batting: SHB Ron Edwards
|
0-0: Ball 1-0: Swinging Strike 1-1: Foul Ball, location: 2F 1-2: Grounds into double play, U4-3 (Groundball, 4)
|
Top of the 1st over - 0 run(s), 1 hit(s), 0 error(s), 1 left on base; Jasper 0 - Surrey 0 |
BOTTOM OF THE 1ST |
Surrey Sinners batting - Pitching for Jasper Cougars : LHP Júlio Aguilar
|
Pitching: LHP Júlio Aguilar
|
|
Batting: RHB Eugene Booth
|
0-0: Foul Ball, location: 2F 0-1: Ball 1-1: Called Strike 1-2: Ball 2-2: Fly out, F2 (Popup, 2L)
|
Batting: LHB Brian Ford
|
0-0: Ball 1-0: Foul Ball, location: 2F 1-1: Ball 2-1: SINGLE (Groundball, 15S) (infield hit)
|
Batting: RHB Max Alexander
|
0-0: Ball 1-0: Fielders Choice at 2nd, 6-4 (Groundball, 6)
|
Batting: RHB Daniel Santiago
|
0-0: Ball 1-0: Called Strike 1-1: Swinging Strike 1-2: Fly out, F8 (Flyball, 8RM)
|
Bottom of the 1st over - 0 run(s), 1 hit(s), 0 error(s), 1 left on base; Jasper 0 - Surrey 0 |
TOP OF THE 2ND |
Jasper Cougars batting - Pitching for Surrey Sinners : RHP Diego González
|
Batting: RHB Dan Hooper
|
0-0: SINGLE (Groundball, 56D)
|
Batting: RHB Fernando Gálvez
|
0-0: Swinging Strike 0-1: Ball 1-1: Ball 2-1: Foul Ball, location: 2F 2-2: Foul Ball, location: 2F 2-2: Foul Ball, location: 2F 2-2: Strikes out looking
|
Batting: SHB Martín Cruz
|
0-0: Ball 1-0: Swinging Strike 1-1: Foul Ball, location: 2F 1-2: Strikes out swinging
|
Batting: RHB José Ortega
|
0-0: Ball 1-0: Ball 2-0: Foul Ball, location: 2F 2-1: Called Strike 2-2: Strikes out swinging
|
Top of the 2nd over - 0 run(s), 1 hit(s), 0 error(s), 1 left on base; Jasper 0 - Surrey 0 |
BOTTOM OF THE 2ND |
Surrey Sinners batting - Pitching for Jasper Cougars : LHP Júlio Aguilar
|
Batting: LHB Buddy Rice
|
0-0: Ball 1-0: Foul Ball, location: 2F 1-1: Ball 2-1: Ball 3-1: Base on Balls
|
Batting: RHB Mitchell Darragh
|
0-0: Ball 1-0: Called Strike 1-1: Foul Ball, location: 2F 1-2: Foul Ball, location: 2F 1-2: Ball 2-2: Fly out, F8 (Flyball, 8LM)
|
Batting: LHB Benny Richard
|
0-0: Called Strike 0-1: Grounds into double play, 3-6-1 (Groundball, 3)
|
Bottom of the 2nd over - 0 run(s), 0 hit(s), 0 error(s), 0 left on base; Jasper 0 - Surrey 0 |
TOP OF THE 3RD |
Jasper Cougars batting - Pitching for Surrey Sinners : RHP Diego González
|
Batting: RHB Joe Baker
|
0-0: Ball 1-0: Ball 2-0: Foul Ball, location: 2F 2-1: Ball 3-1: DOUBLE (Flyball, 8RM)
|
Batting: RHB Manuel Pérez
|
0-0: Foul Ball, location: 2F 0-1: Ball 1-1: Ball 2-1: Ball 3-1: Foul Ball, location: 2F 3-2: Base on Balls
|
Batting: LHB Pepe Vázquez
|
0-0: Ground out 3-1 (Groundball, 34) Joe Baker to third Manuel Pérez to second
|
Batting: LHB Enrique Valentín
|
0-0: Swinging Strike 0-1: Ball 1-1: Ground out 4-3 (Groundball, 4) Joe Baker scores Manuel Pérez to third
|
Batting: SHB Ron Edwards
|
0-0: Ball 1-0: SINGLE (Groundball, 34D) Manuel Pérez scores
|
Batting: RHB Dan Hooper
|
0-0: Ball 1-0: Swinging Strike 1-1: Called Strike 1-2: Ball 2-2: Strikes out swinging
|
Top of the 3rd over - 2 run(s), 2 hit(s), 0 error(s), 1 left on base; Jasper 2 - Surrey 0 |
BOTTOM OF THE 3RD |
Surrey Sinners batting - Pitching for Jasper Cougars : LHP Júlio Aguilar
|
Batting: RHB Carlos Rodríguez
|
0-0: Ground out 4-3 (Groundball, 4)
|
Batting: RHB Shawn Gutiérrez
|
0-0: Called Strike 0-1: Ball 1-1: Ball 2-1: Called Strike 2-2: Ground out 5-3 (Groundball, 5)
|
Batting: RHB Eugene Booth
|
0-0: Ball 1-0: Foul Ball, location: 2F 1-1: Foul Ball, location: 2F 1-2: Strikes out swinging
|
Bottom of the 3rd over - 0 run(s), 0 hit(s), 0 error(s), 0 left on base; Jasper 2 - Surrey 0 |
TOP OF THE 4TH |
Jasper Cougars batting - Pitching for Surrey Sinners : RHP Diego González
|
Batting: RHB Fernando Gálvez
|
0-0: Ball 1-0: Ball 2-0: Foul Ball, location: 2F 2-1: Ball 3-1: Foul Ball, location: 2F 3-2: Strikes out swinging
|
Batting: SHB Martín Cruz
|
0-0: Foul Ball, location: 2F 0-1: Foul Ball, location: 2F 0-2: Ball 1-2: Strikes out swinging
|
Batting: RHB José Ortega
|
0-0: Foul Ball, location: 2F 0-1: Ball 1-1: SINGLE (Groundball, 5)
|
Batting: RHB Joe Baker
|
0-0: Ball 1-0: SINGLE (Line Drive, 6MD) José Ortega to second
|
Batting: RHB Manuel Pérez
|
0-0: Ball 1-0: Swinging Strike 1-1: Ball 2-1: Foul Ball, location: 2F 2-2: Strikes out swinging
|
Top of the 4th over - 0 run(s), 2 hit(s), 0 error(s), 2 left on base; Jasper 2 - Surrey 0 |
BOTTOM OF THE 4TH |
Surrey Sinners batting - Pitching for Jasper Cougars : LHP Júlio Aguilar
|
Batting: LHB Brian Ford
|
0-0: Ball 1-0: Ball 2-0: Ball 3-0: Base on Balls
|
Batting: RHB Max Alexander
|
0-0: Called Strike 0-1: Grounds into double play, U6-3 (Groundball, 6)
|
Batting: RHB Daniel Santiago
|
0-0: Called Strike 0-1: Ball 1-1: Ball 2-1: Ground out U3 (Groundball, 3L)
|
Bottom of the 4th over - 0 run(s), 0 hit(s), 0 error(s), 0 left on base; Jasper 2 - Surrey 0 |
TOP OF THE 5TH |
Jasper Cougars batting - Pitching for Surrey Sinners : RHP Diego González
|
Batting: LHB Pepe Vázquez
|
0-0: Swinging Strike 0-1: Swinging Strike 0-2: Foul Ball, location: 2F 0-2: Strikes out looking
|
Batting: LHB Enrique Valentín
|
0-0: Ball 1-0: Foul Ball, location: 2F 1-1: Ball 2-1: Ball 3-1: SINGLE (Line Drive, 89M)
|
Batting: SHB Ron Edwards
|
0-0: Ball 1-0: SINGLE (Flyball, 89S) Enrique Valentín to second Runner from 2nd tries for 3rd, SAFE, throw made to third
|
Pitching: RHP Juan Fonseca
|
|
Batting: RHB Dan Hooper
|
0-0: Fly out, F9 (Flyball, 9M) Runner from 3rd tags up, SCORES, no throw
|
Batting: RHB Fernando Gálvez
|
0-0: Foul Ball, location: 2F 0-1: Ball 1-1: Foul Ball, location: 2F 1-2: Ball 2-2: Strikes out swinging
|
Top of the 5th over - 1 run(s), 2 hit(s), 0 error(s), 1 left on base; Jasper 3 - Surrey 0 |
BOTTOM OF THE 5TH |
Surrey Sinners batting - Pitching for Jasper Cougars : LHP Júlio Aguilar
|
Batting: LHB Buddy Rice
|
0-0: Ball 1-0: Called Strike 1-1: SINGLE (Groundball, 56D)
|
Batting: RHB Mitchell Darragh
|
0-0: Foul Ball, location: 2F 0-1: Foul Ball, location: 2F 0-2: Ball 1-2: Ball 2-2: Foul Ball, location: 2F 2-2: Foul Ball, location: 2F 2-2: Foul Ball, location: 2F 2-2: Foul Ball, location: 2F 2-2: Foul Ball, location: 2F 2-2: Ball 3-2: Strikes out looking
|
Batting: LHB Benny Richard
|
0-0: Ball 1-0: Foul Ball, location: 2F 1-1: Called Strike 1-2: Ball 2-2: Foul Ball, location: 2F 2-2: Ball 3-2: Strikes out looking
|
Batting: RHB Carlos Rodríguez
|
0-0: Ball 1-0: Called Strike 1-1: SINGLE (Line Drive, 6D) Buddy Rice to second
|
Batting: RHB Shawn Gutiérrez
|
0-0: Ground out 6-3 (Groundball, 6)
|
Bottom of the 5th over - 0 run(s), 2 hit(s), 0 error(s), 2 left on base; Jasper 3 - Surrey 0 |
TOP OF THE 6TH |
Jasper Cougars batting - Pitching for Surrey Sinners : RHP Juan Fonseca
|
Batting: SHB Martín Cruz
|
0-0: Ball 1-0: SINGLE (Groundball, 56D)
|
Batting: RHB José Ortega
|
0-0: Ball 1-0: Called Strike 1-1: Swinging Strike 1-2: Foul Ball, location: 2F 1-2: Foul Ball, location: 2F 1-2: Fly out, F8 (Line Drive, 8LM)
|
Batting: RHB Joe Baker
|
0-0: Called Strike 0-1: Ball 1-1: Ball 2-1: Foul Ball, location: 2F 2-2: Ball 3-2: Base on Balls Martín Cruz to second
|
Batting: RHB Manuel Pérez
|
0-0: Ball 1-0: Ball 2-0: Called Strike 2-1: Ball 3-1: Base on Balls Martín Cruz to third Joe Baker to second
|
Batting: LHB Pepe Vázquez
|
0-0: Called Strike 0-1: Foul Ball, location: 2F 0-2: Ball 1-2: Strikes out swinging
|
Batting: LHB Enrique Valentín
|
0-0: Called Strike 0-1: Ball 1-1: Foul Ball, location: 2F 1-2: Foul Ball, location: 2F 1-2: Ball 2-2: Strikes out swinging
|
Top of the 6th over - 0 run(s), 1 hit(s), 0 error(s), 3 left on base; Jasper 3 - Surrey 0 |
BOTTOM OF THE 6TH |
Surrey Sinners batting - Pitching for Jasper Cougars : LHP Júlio Aguilar
|
Batting: RHB Eugene Booth
|
0-0: Ball 1-0: Ball 2-0: Called Strike 2-1: Ground out 4-3 (Groundball, 4)
|
Batting: LHB Brian Ford
|
0-0: Called Strike 0-1: Foul Ball, location: 2F 0-2: Ball 1-2: Strikes out swinging
|
Batting: RHB Max Alexander
|
0-0: Swinging Strike 0-1: Ball 1-1: Ball 2-1: Ground out 1-3 (Groundball, 13)
|
Bottom of the 6th over - 0 run(s), 0 hit(s), 0 error(s), 0 left on base; Jasper 3 - Surrey 0 |
TOP OF THE 7TH |
Jasper Cougars batting - Pitching for Surrey Sinners : RHP Juan Fonseca
|
Batting: SHB Ron Edwards
|
0-0: Ball 1-0: Ball 2-0: SINGLE (Line Drive, 6MD)
|
Batting: RHB Dan Hooper
|
0-0: SINGLE (Groundball, 6) (infield hit) Ron Edwards to second
|
Batting: RHB Fernando Gálvez
|
0-0: Ball 1-0: Ground out 5-3 (Groundball, 5S) Ron Edwards to third Dan Hooper to second
|
Batting: SHB Martín Cruz
|
0-0: Intentional Walk
|
Pitching: RHP José González
|
|
Batting: RHB José Ortega
|
0-0: Called Strike 0-1: Ball 1-1: Foul Ball, location: 2F 1-2: Strikes out swinging
|
Batting: RHB Joe Baker
|
0-0: Ball 1-0: Ball 2-0: Foul Ball, location: 2F 2-1: Foul Ball, location: 2F 2-2: Strikes out swinging
|
Top of the 7th over - 0 run(s), 2 hit(s), 0 error(s), 3 left on base; Jasper 3 - Surrey 0 |
BOTTOM OF THE 7TH |
Surrey Sinners batting - Pitching for Jasper Cougars : LHP Júlio Aguilar
|
Pitching: RHP Andrés Ruíz
|
|
Batting: RHB Daniel Santiago
|
0-0: Foul Ball, location: 2F 0-1: Ball 1-1: Fly out, F9 (Flyball, 9S)
|
Batting: LHB Buddy Rice
|
0-0: Foul Ball, location: 2F 0-1: Called Strike 0-2: Ball 1-2: Foul Ball, location: 2F 1-2: Foul Ball, location: 2F 1-2: Strikes out swinging
|
Batting: RHB Mitchell Darragh
|
0-0: Reached on error, E5 (Groundball, 56S)
|
Batting: LHB Benny Richard
|
0-0: Ball Mitchell Darragh is caught stealing 2nd base
|
Bottom of the 7th over - 0 run(s), 0 hit(s), 1 error(s), 0 left on base; Jasper 3 - Surrey 0 |
TOP OF THE 8TH |
Jasper Cougars batting - Pitching for Surrey Sinners : RHP José González
|
Batting: RHB Manuel Pérez
|
0-0: Ball 1-0: SINGLE (Groundball, 5L)
|
Batting: LHB Pepe Vázquez
|
0-0: Foul Ball, location: 2F 0-1: Ball 1-1: SINGLE (Line Drive, 8RS) Manuel Pérez to second
|
Pitching: LHP Pedro Najcrea
|
|
Batting: LHB Enrique Valentín
|
0-0: Ball 1-0: Ball 2-0: Called Strike 2-1: Foul Ball, location: 2F 2-2: Fielders Choice at 2nd, 6-4 (Groundball, 6M) Manuel Pérez to third
|
Pitching: LHP Phil Paul
|
|
Batting: SHB Ron Edwards
|
0-0: Foul Ball, location: 2F 0-1: Ball 1-1: Fly out, F7 (Popup, 7S)
|
Batting: RHB Dan Hooper
|
0-0: Ball 1-0: Foul Ball, location: 2F 1-1: Ball 2-1: Swinging Strike 2-2: Ball 3-2: DOUBLE (Groundball, 5L) Manuel Pérez scores Enrique Valentín to third Enrique Valentín scores
|
Batting: RHB Fernando Gálvez
|
0-0: Ball 1-0: Ball 2-0: Ball 3-0: Called Strike 3-1: Foul Ball, location: 2F 3-2: Strikes out looking
|
Top of the 8th over - 2 run(s), 3 hit(s), 0 error(s), 1 left on base; Jasper 5 - Surrey 0 |
BOTTOM OF THE 8TH |
Surrey Sinners batting - Pitching for Jasper Cougars : RHP Andrés Ruíz
|
Batting: LHB Benny Richard
|
0-0: Foul Ball, location: 2F 0-1: Ball 1-1: Called Strike 1-2: Ball 2-2: Foul Ball, location: 2F 2-2: Strikes out swinging
|
Batting: RHB Carlos Rodríguez
|
0-0: Ball 1-0: Swinging Strike 1-1: Fly out, F8 (Line Drive, 8LM)
|
Batting: RHB Shawn Gutiérrez
|
0-0: Hit by Pitch
|
Batting: RHB Eugene Booth
|
0-0: Called Strike 0-1: Called Strike 0-2: Ball 1-2: Strikes out swinging
|
Bottom of the 8th over - 0 run(s), 0 hit(s), 0 error(s), 1 left on base; Jasper 5 - Surrey 0 |
TOP OF THE 9TH |
Jasper Cougars batting - Pitching for Surrey Sinners : LHP Phil Paul
|
Batting: SHB Martín Cruz
|
0-0: Ball 1-0: Ball 2-0: Fly out, F8 (Line Drive, 8RM)
|
Batting: RHB José Ortega
|
0-0: Called Strike 0-1: Called Strike 0-2: Strikes out looking
|
Batting: RHB Joe Baker
|
0-0: Ball 1-0: Ball 2-0: Foul Ball, location: 2F 2-1: Ball 3-1: Fly out, F8 (Flyball, 8RM)
|
Top of the 9th over - 0 run(s), 0 hit(s), 0 error(s), 0 left on base; Jasper 5 - Surrey 0 |
BOTTOM OF THE 9TH |
Surrey Sinners batting - Pitching for Jasper Cougars : RHP Andrés Ruíz
|
Batting: LHB Brian Ford
|
0-0: Called Strike 0-1: Ball 1-1: Ball 2-1: Ball 3-1: Base on Balls
|
Batting: RHB Max Alexander
|
0-0: Foul Ball, location: 2F 0-1: Hit by Pitch Brian Ford to second
|
Batting: RHB Daniel Santiago
|
0-0: Called Strike 0-1: Fielders Choice at 2nd, 6-4 (Groundball, 56) Brian Ford to third
|
Batting: LHB Buddy Rice
|
0-0: Called Strike 0-1: Ball 1-1: Foul Ball, location: 2F 1-2: Strikes out looking
|
Pitching: RHP Brandon Williams
|
|
Batting: RHB Mitchell Darragh
|
0-0: Swinging Strike 0-1: Foul Ball, location: 2F 0-2: Fielders Choice at 2nd, 6-4 (Groundball, 6)
|
Bottom of the 9th over - 0 run(s), 0 hit(s), 0 error(s), 1 left on base; Jasper 5 - Surrey 0 |
|